Map: Magannatha LE

Players

printf

  • Race: Protoss Protoss
  • League: Grandmaster
  • Spawn Location: 5:00

Hardvision - Winner!

  • Race: Terran Terran
  • League: Grandmaster
  • Spawn Location: 11:00

VOD

Have the link to the VOD?

Description

Time

  • Played on: Nov. 8, 2025, 1:27 p.m.
  • Length: 4:32
Show
View Real Time Build Order
Export as new Build Order

printf Protoss 

Build Orders:  

Get SALT Encoding   

  12  0:00  Probe  
  13  0:12  Probe  
  14  0:17  Pylon  
  14  0:24  Probe  
  15  0:36  Forge  
  15  0:38  Probe  
  16  0:51  Pylon  
  17  1:00  Pylon  
  17  1:01  Pylon  
  16  1:13  Photon Cannon  
  16  1:17  Gateway  
  15  1:24  Photon Cannon  
  15  1:25  Probe  
  16  1:33  Probe  
  16  1:38  Assimilator  
  17  1:43  Probe  
  18  1:55  Assimilator, Probe  
  19  2:04  Zealot  
  21  2:09  Probe, Cybernetics Core  
  22  2:17  Probe  
  23  2:25  Probe  
  24  2:37  Probe  
  25  2:46  Stargate  
  25  2:49  Adept  
  25  2:50  Probe  
  28  2:55  Pylon  
  28  3:16  Stalker  
  30  3:31  Shield Battery  
  30  3:35  Shield Battery  
  30  3:44  Fleet Beacon  
  30  3:49  Photon Cannon  
  30  4:06  Pylon  
  30  4:15  Shield Battery  
  28  4:25  Photon Cannon  
Show
View Real Time Build Order
Export as new Build Order

Hardvision Terran - Winner!

Build Orders: Cyclone Opening 

Get SALT Encoding   

  12  0:00  SCV  
  13  0:12  SCV  
  14  0:17  Supply Depot  
  14  0:24  SCV  
  15  0:38  SCV  
  15  0:39  Barracks  
  16  0:43  Refinery  
  16  0:50  SCV  
  16  0:52  Refinery  
  17  1:03  Supply Depot  
  17  1:06  SCV  
  17  1:27  Marine  
  17  1:28  Bunker  
  18  1:35  Orbital Command  
  18  1:45  Marine  
  19  1:53  Factory  
  19  2:00  Supply Depot  
  19  2:03  Supply Depot  
  19  2:16  Barracks Reactor  
  19  2:22  SCV  
  20  2:36  Factory Tech Lab  
  20  2:39  Starport, SCV  
  21  2:48  Supply Depot  
  21  2:51  SCV  
  21  2:54  Cyclone  
  21  2:57  Marine  
  26  2:59  Marine  
  26  3:04  SCV  
  28  3:15  Marine  
  28  3:16  Medivac  
  28  3:17  Marine  
  32  3:23  Supply Depot  
  32  3:32  Siege Tank  
  35  3:34  Marine  
  35  3:40  SCV  
  37  3:52  Marine  
  37  3:53  Marine  
  39  3:58  Viking  
  39  4:02  Supply Depot  
  41  4:10  Marine  
  42  4:24  Supply Depot  
Tags
 
Add a new tag
Caveats
  • Supply blocks, unpowered buildings, or Contaminate may cause inaccurate times.
  • Supply counts are checked every 10 seconds.